 Dungeon Crawl Stone Soup version 0.29.1-12-g30fa7ad0bf (webtiles) character file.

Game seed: 5749740593441163054

4033 DildoBatman the Trooper (level 10, -13/69 (79) HPs)
             Began as a Formicid Conjurer on Dec 15, 2022.
             Was a Priest of Kikubaaqudgha.
             Mangled by a komodo dragon (18 damage)
             ... on level 9 of the Dungeon.
             The game lasted 00:33:27 (8622 turns).

DildoBatman the Trooper (Formicid Conjurer)         Turns: 8622, Time: 00:33:28

HP:   -13/69 (79)   AC:  5    Str: 12    XL:     10   Next: 48%
MP:   11/20         EV: 14    Int: 22    God:    Kikubaaqudgha [***...]
Gold: 419           SH:  0    Dex: 12    Spells: 9/23 levels left

rFire   . . .      SeeInvis +   b - +6 dagger (speed)
rCold   . . .      Faith    .   (no shield)
rNeg    . . .      Spirit   .   e - +0 robe
rPois   .          Reflect  .   (helmet unavailable)
rElec   .          Harm     .   A - +0 cloak
rCorr   .          Rampage  .   m - +0 pair of gloves of the Hanged Man {Stlth+}
Will    ++...                   (no boots)
Stlth   +++.......              (no amulet)
HPRegen 0.21/turn               g - ring of willpower
MPRegen 0.17/turn               t - ring of wizardry

@: mighty, heavily drained
A: permanent stasis, dig shafts and tunnels, antennae 3, four strong arms
a: Dig, Shaft Self, Renounce Religion, Unearth Wretches


You were on level 9 of the Dungeon.
You worshipped Kikubaaqudgha.
Kikubaaqudgha was most pleased with you.
You visited 1 branch of the dungeon, and saw 9 of its levels.

You collected 564 gold pieces.
You spent 145 gold pieces at shops.

Inventory:

Hand Weapons
 a - a +0 shortbow
 b - a +6 dagger of speed (weapon)
 G - a +2 vampiric spear
Missiles
 v - 2 throwing nets
 D - 5 atropa-tipped darts
 F - 10 poisoned darts
Armour
 e - a +0 robe (worn)
 m - the +0 pair of gloves of the Hanged Man (worn) {Stlth+}
   (You found it on level 2 of the Dungeon)

   Stlth:     It makes you more stealthy.
 A - a +0 cloak (worn)
Magical Staves
 w - a staff of conjuration
 x - a staff of fire
Jewellery
 g - a ring of willpower (left hand)
 t - a ring of wizardry (right hand)
Wands
 B - a wand of polymorph (9)
 J - a wand of iceblast (9)
Scrolls
 c - 2 scrolls of enchant weapon
 h - 2 scrolls of immolation
 j - a scroll of blinking {unknown}
 k - a scroll of torment {unknown}
 l - 2 scrolls of teleportation {unknown}
 o - 2 scrolls of summoning {unknown}
 r - 3 scrolls of poison
 y - 3 scrolls of fear
 z - 4 scrolls of enchant armour
 C - 4 scrolls of magic mapping
 I - 3 scrolls of identify
Potions
 f - a potion of attraction {unknown}
 i - a potion of lignification {unknown}
 n - 3 potions of magic
 p - a potion of degeneration {unknown}
 q - a potion of berserk rage {unknown}
 s - a potion of might
 u - 2 potions of curing
 E - a potion of mutation {unknown}
 H - a potion of cancellation {unknown}


   Skills:
 - Level 7.1 Fighting
 - Level 7.1 Armour
 - Level 6.0 Dodging
 - Level 2.4 Stealth
 - Level 7.0 Spellcasting
 - Level 6.0 Conjurations
 * Level 2.6 Necromancy
 * Level 1.9 Earth Magic


You had 9 spell levels left.
You knew the following spells:

 Your Spells              Type           Power      Damage    Failure   Level
a - Searing Ray           Conj           68%        2d6       1%          2
b - Dispel Undead         Necr           19%        3d11      11%         4
c - Magic Dart            Conj           100%       1d8       1%          1
d - Borgnjor's Vile Clut  Necr/Erth      8%         N/A       32%         5
z - Sublimation of Blood  Necr           19%        N/A       1%          2

Your spell library contained the following spells:

 Spells                   Type           Power      Damage    Failure   Level
 Necrotise                Necr           76%        1d7       1%          1
 Sandblast                Erth           32%        2d9       1%          1
 Stone Arrow              Conj/Erth      50%        3d10      1%          3
 Dazzling Flash           Conj/Hex       40%        N/A       2%          3
 Sting                    Tmut/Pois      28%        1d4       3%          1
 Passwall                 Tmut/Erth      9%         N/A       3%          2
 Poisonous Vapours        Pois/Air       14%        N/A       4%          2
 Gell's Gravitas          Tloc           7%         N/A       10%         3
 Lesser Beckoning         Tloc           7%         N/A       10%         3
 Portal Projectile        Hex/Tloc       14%        N/A       10%         3
 Teleport Other           Tloc           7%         N/A       10%         3
 Tukima's Dance           Hex            7%         N/A       10%         3
 Fulminant Prism          Conj/Hex       10%        3d9       10%         4
 Iskenderun's Mystic Bla  Conj/Tloc      20%        2d6       10%         4
 Animate Dead             Necr           19%        N/A       11%         4
 Anguish                  Hex/Necr       6%         N/A       19%         4
 Corpse Rot               Necr/Pois/Air  11%        N/A       22%         4
 Agony                    Necr           19%        N/A       28%         5
 Olgreb's Toxic Radiance  Pois           7%         N/A       32%         4
 Blade Hands              Tmut           3%         N/A       63%         5
 Manifold Assault         Tloc           7%         N/A       63%         5
 Silence                  Hex/Air        3%         N/A       63%         5
 Simulacrum               Ice/Necr       6%         N/A       94%         6
 Dispersal                Tloc           3%         N/A       99%         6
 Storm Form               Tmut/Air       3%         N/A       100%        7
 Blink                    Tloc           Unusable   N/A       N/A         2

Dungeon Overview and Level Annotations

Branches:
Dungeon (9/15)             Temple (0/1) D:6
   Lair: D:8-11         Orc: D:9-12

Altars:
Cheibriados
Hepliaklqana
Kikubaaqudgha
Nemelex Xobeh
Qazlal
Ru
Trog
Vehumet
The Shining One

Shops:
D:5 *:?[   D:6 ?

Annotations:
D:5 Dowan, Duvessa
D:6 exclusions: 5 centaurs and 1 more exclusion, Maggie


Innate Abilities, Weirdness & Mutations

You cannot be hasted, slowed, berserked, paralysed or teleported.
You can dig through walls and to a lower floor.
You have a pair of large antennae on your head. (SInv)
Your four strong arms can wield two-handed weapons with a shield.


Message History

Casting: Searing Ray (safe; 1% risk of failure)
Confirm with . or Enter, or press ? or * to list all spells.
Aiming: Searing Ray (safe; 1% risk of failure)
Press: ? - help, Shift-Dir - straight line, f - centaur
Aim: a centaur, wielding a +0 shortbow (moderately wounded, 90% to hit)
You feel a surge of power!
The searing ray hits the centaur!
The centaur is almost dead. (Press . to maintain the ray.)
You feel sick.
The centaur unwields a +0 shortbow.
The centaur hits you. The centaur barely misses you.
The searing ray hits the centaur.
You kill the centaur!
Kikubaaqudgha accepts your kill.
You feel sick.
You feel better.
You feel very mighty all of a sudden.
Your hands tingle!
b - a +6 dagger of speed (weapon)
You feel much better.
You retract your mandibles.
You puncture the komodo dragon!
The komodo dragon is moderately wounded.
The komodo dragon bites you!
You hit the komodo dragon but do no damage.
The komodo dragon is moderately wounded.
The komodo dragon bites you!!
You hear a shout!
You feel much better. The komodo dragon bites you!!
You closely miss the komodo dragon.
The komodo dragon is moderately wounded.
An orc comes into view. It is wielding a +0 flail.
You puncture the komodo dragon!
The komodo dragon is heavily wounded.
The komodo dragon bites you!!
You die...
Kikubaaqudgha rasps: "You have failed me!
Welcome... death!"

..# ... .. #..
####..
......####
...{{..#@#
...$...l##
......#o.#
..... ##.##
#### #..# #
##..# {{###.#
##.#...#
{#...##
##)##...#
#....######)##
l....


You could see a komodo dragon and an orc.

Vanquished Creatures
  Grinder (D:6)
  9 yaks
  Menkaure (D:5)
  A water moccasin (D:9)
  An orc warrior (D:7)
  2 ogres (D:5)
  3 centaurs
  A phantom (D:5)
  A gnoll sergeant (D:6)
  3 bullfrogs
  2 scorpions (D:5)
  5 wights (D:8)
  3 killer bees (D:8)
  2 hounds
  3 gnoll boudas
  6 orc priests
  Crazy Yiuf (D:5)
  An iguana (D:7)
  6 orc wizards
  Robin (D:3)
  22 gnolls
  6 adders
  A shadow imp (D:7)
  2 white imps
  3 dart slugs
  3 worms
  35 orcs
  4 bats
  5 endoplasms
  3 giant cockroaches
  16 goblins
  12 hobgoblins
  2 jackals (D:1)
  7 kobolds
  4 quokkas
  7 ball pythons
  3 frilled lizards
  5 rats
193 creatures vanquished.

Vanquished Creatures (others)
  15 fungi (D:9)
  24 plants (D:9)
39 creatures vanquished.

Grand Total: 232 creatures vanquished

Notes
Turn   | Place    | Note
-------+----------+-------------------------------------------
     0 | D:1      | DildoBatman the Formicid Conjurer began the quest for the
                  | Orb.
     0 | D:1      | Reached XP level 1. HP: 13/13 MP: 3/3
   179 | D:1      | Reached XP level 2. HP: 20/20 MP: 1/5
   182 | D:1      | Learned a level 2 spell: Searing Ray
   349 | D:1      | Found a faded altar of an unknown god.
   404 | D:1      | Reached skill level 1 in Armour
   416 | D:1      | Reached XP level 3. HP: 20/25 MP: 1/6
   472 | D:1      | Reached skill level 1 in Fighting
   900 | D:2      | Found a sparkling altar of Nemelex Xobeh.
   903 | D:2      | Identified the +0 pair of gloves of the Hanged Man {Stlth+}
  1162 | D:2      | Reached XP level 4. HP: 24/32 MP: 5/8
  1181 | D:2      | You fall into a shaft and drop 1 floor!
  1743 | D:2      | Reached XP level 5. HP: 38/38 MP: 7/9
  3018 | D:4      | Found a bloodstained altar of Trog.
  3383 | D:4      | Found an ancient bone altar of Kikubaaqudgha.
  3400 | D:4      | Became a worshipper of Kikubaaqudgha
  4121 | D:3      | Noticed Robin
  4128 | D:3      | Killed Robin
  4310 | D:5      | Entered Level 5 of the Dungeon
  4311 | D:5      | Noticed Duvessa
  4324 | D:5      | Reached XP level 6. HP: 45/46 MP: 3/11
  4328 | D:5      | Found Tibbuugg's Magic Scroll Emporium.
  4345 | D:5      | Found Githis's Book Emporium.
  4420 | D:5      | Reached * piety under Kikubaaqudgha
  4420 | D:5      | Received a gift from Kikubaaqudgha
  4480 | D:5      | Noticed an ogre
  4493 | D:5      | Killed an ogre
  4494 | D:5      | Reached XP level 7. HP: 14/52 MP: 5/13
  4508 | D:5      | Found Bawk's General Store.
  4603 | D:5      | Reached skill level 5 in Conjurations
  4735 | D:5      | Found a stormy altar of Qazlal.
  4836 | D:5      | Found a runed translucent door.
  4837 | D:5      | Noticed Crazy Yiuf
  4853 | D:5      | Killed Crazy Yiuf
  4854 | D:5      | Reached skill level 5 in Spellcasting
  4977 | D:5      | Noticed Dowan
  5037 | D:5      | Reached XP level 8. HP: 58/58 MP: 10/16
  5041 | D:5      | Bought a potion of heal wounds for 70 gold pieces
  5090 | D:5      | Noticed Menkaure
  5098 | D:5      | Killed Menkaure
  5181 | D:5      | Found a sacrificial altar of Ru.
  5241 | D:5      | Found Imupejiw's Armour Shop.
  5418 | D:6      | Learned a level 2 spell: Sublimation of Blood
  5472 | D:6      | Noticed Maggie
  5645 | D:6      | Found a staircase to the Ecumenical Temple.
  5796 | D:6      | Found a radiant altar of Vehumet.
  5828 | D:6      | Noticed Grinder
  5838 | D:6      | Killed Grinder
  5954 | D:6      | Found a glowing golden altar of the Shining One.
  6050 | D:6      | Reached XP level 9. HP: 23/65 MP: 3/19
  6126 | D:6      | Found Ydedaa Zohagg's Magic Scroll Shop.
  6134 | D:6      | Bought a scroll of magic mapping for 75 gold pieces
  6228 | D:6      | Reached ** piety under Kikubaaqudgha
  6324 | D:6      | You fall into a shaft and drop 1 floor!
  6835 | D:7      | Found a snail-covered altar of Cheibriados.
  7115 | D:7      | Reached skill level 5 in Fighting
  7115 | D:7      | Reached skill level 5 in Armour
  7236 | D:7      | Reached skill level 5 in Dodging
  7412 | D:7      | Reached XP level 10. HP: 64/76 MP: 7/20
  7722 | D:8      | Reached skill level 1 in Necromancy
  7908 | D:8      | Reached *** piety under Kikubaaqudgha
  7908 | D:8      | Received a gift from Kikubaaqudgha
  7914 | D:8      | Learned a level 4 spell: Dispel Undead
  7920 | D:8      | Learned a level 5 spell: Borgnjor's Vile Clutch
  8052 | D:8      | Found a hazy altar of Hepliaklqana.
  8585 | D:9      | Reached skill level 1 in Earth Magic
  8592 | D:9      | Noticed a komodo dragon
  8622 | D:9      | Mangled by a komodo dragon

Illustrated notes

Levels and vault maps discovered:
D:1:      zaba_arrival_water, layout_loops_ring,
          hellmonk_ecumenical_altar_heavens_door
D:2:      minmay_recursive_quarters, layout_loops_cross, basic_altar,
          chequers_serial_rivers_large_b
D:3:      layout_basic, uniq_robin
D:4:      layout_layer_cave, kennysheep_little_box, amcnicky_altar_gilded,
          eino_small_chamber_without_monster, minmay_between
D:5:      layout_loops_ring, marbit_many_paths, nicolae_qazlal_eye_of_the_storm,
          serial_shops, nicolae_diamond_shop,
          nicolae_shop_temple_entry_statues_fountains, nicolae_diamond_shop,
          nicolae_shop_hallway_stairs, uniq_duvessa, uniq_crazy_yiuf_cottage,
          uniq_menkaure
D:6:      minmay_chambers_of_threes, layout_loops_corners, tso_oasis_becter,
          nicolae_vehumet_radiance, minmay_temple_entry_ruins, serial_shops,
          nicolae_shop_statue_plus, minmay_misc_feat_room, centaur_isle,
          uniq_maggie, uniq_grinder
D:7:      layout_gridville, slow_altar_1, nrook_loot_triangle,
          chequers_serial_rivers_room_b
D:8:      layout_loops_corners, kennysheep_mini_moat, minivault_23,
          minmay_misc_feat_hallway
D:9:      layout_basic, due_lair_maze_entry_diamond, hiddenorc2_lemuel

Skill      XL: |  1  2  3  4  5  6  7  8  9 10 |
---------------+-------------------------------+-----
Dodging        | 2 3 5 6 |  6.0
Armour         | 1 2 3 4 6 7 |  7.1
Fighting       | 1 2 3 6 7 |  7.1
Conjurations   | 4 5 6 |  6.0
Spellcasting   | 3 4 5 7 |  7.0
Necromancy     | 2 |  2.6
Earth Magic    | 1 |  1.9
Stealth        | |  2.4

Action                   |  1- 3 |  4- 6 |  7- 9 | 10-12 || total
-------------------------+-------+-------+-------+-------++-------
Melee: Mace              |    40 |    33 |       |       ||    73
       Staff             |       |     2 |     1 |       ||     3
       Dagger            |       |       |     8 |    43 ||    51
 Fire: Shortbow          |       |     2 |    35 |    15 ||    52
 Cast: Magic Dart        |    25 |    45 |     7 |     1 ||    78
       Searing Ray       |     2 |    17 |    53 |    17 ||    89
 Abil: Shaft Self        |       |     1 |     1 |       ||     2
       Dig               |       |     1 |       |     2 ||     3
  Use: Scroll            |       |     5 |     4 |       ||     9
       Potion            |       |     1 |       |     4 ||     5
 Stab: Sleeping          |     5 |     4 |       |       ||     9
Armor: Robe              |     6 |    14 |     6 |     6 ||    32
Dodge: Dodged            |    26 |    43 |    43 |    39 ||   151
